 Dungeon Crawl Stone Soup version 0.19-a0-733-geeb8733 (webtiles) character file.

151 Ordine the Transmogrifier (level 5, -4/39 HPs)
             Began as an Octopode Transmuter on June 21, 2016.
             Killed by divine providence
             ... invoked by an orc priest
              (11 damage)
             ... on level 3 of the Dungeon.
             The game lasted 00:05:34 (3040 turns).

Ordine the Transmogrifier (Octopode Transmuter)     Turns: 3040, Time: 00:05:35

Health: -4/39      AC:  6    Str:  9    XL:     5   Next: 33%
Magic:  5/8        EV:  9    Int: 16    God:
Gold:   179        SH:  0    Dex: 13    Spells: 3 memorised, 0 levels left

rFire  x . .     SeeInvis .       - Unarmed
rCold  + + +     Gourm    .     (shield currently unavailable)
rNeg   . . .     Faith    .     (helmet currently unavailable)
rPois  +         Spirit   .     (no amulet)
rElec  .         Dismiss  .     (no ring)
rCorr  .         Reflect  .     (no ring)
SustAt .         Harm     .     (no ring)
MR     .....                    (no ring)
Stlth  ++++......               (no ring)
                                (no ring)
                                (no ring)
                                (no ring)

@: ice-form, heavily drained, not resistant to hostile enchantments, stealthy
A: almost no armour, amphibious, 8 rings, (constrict 8), (camouflage 0),
(gelatinous body 0)
a: End Transformation


You were on level 3 of the Dungeon.
You were hungry.
You were a creature of crystalline ice.
You visited 1 branch of the dungeon, and saw 3 of its levels.

You collected 179 gold pieces.

Inventory:

Armour
 f - a +0 buckler
Scrolls
 e - a scroll of magic mapping
Books
 b - a book of Changes

   Spells                             Type                      Level
   a - Beastly Appendage              Transmutation                1
   b - Sticks to Snakes               Transmutation                2
   c - Spider Form                    Transmutation/Poison         3
   d - Ice Form                       Ice/Transmutation            4
   e - Blade Hands                    Transmutation                5
Comestibles
 a - a chunk of flesh
 c - 3 bread rations


   Skills:
 - Level 1.0(0.0) Fighting
 - Level 2.0(0.7) Dodging
 - Level 9.0(7.6) Stealth
 - Level 3.0(1.7) Unarmed Combat
 - Level 2.0(0.7) Spellcasting
 * Level 9.3(7.8) Transmutations
 + Level 0.4(0.0) Ice Magic


You couldn't memorise any spells.
You knew the following spells:

 Your Spells              Type           Power        Failure   Level  Hunger
a - Spider Form           Tmut/Pois      ##........   14%         3    ####...
b - Ice Form              Ice/Tmut       ##......     50%         4    #####..
i - Beastly Appendage     Tmut           ####..       1%          1    ##.....


Dungeon Overview and Level Annotations

Branches:
Dungeon (3/15)

Altars:
Trog
Zin


Innate Abilities, Weirdness & Mutations

You cannot wear most types of armour.
You are amphibious.
You can wear up to eight rings at the same time.
((You can use your tentacles to constrict eight enemies at once.))
((Your skin changes colour to match your surroundings (Stealth+).))
((Your rubbery body absorbs attacks. (AC +1)))


Message History

You hit the orc but do no damage.
The orc hits you with a dagger of draining.
You feel drained.
You barely miss the orc.
The orc hits you with a dagger of draining.
* * * LOW HITPOINT WARNING * * *
You feel drained.
You hit the orc but do no damage. The orc barely misses you.
You completely miss the orc.
The orc hits you with a dagger of draining.
* * * LOW HITPOINT WARNING * * *
You feel drained.
* * * LOW HITPOINT WARNING * * *
You aren't carrying any potions.
You hit the orc. You freeze the orc.
The orc is severely wounded.
The orc hits you but does no damage.
You feel drained.
The orc priest mumbles some strange prayers to Beogh against you.
Beogh smites you!
You die...

#...........# #........
#.......###.# #........
#.......# #.# #.....g..
#.......# #.# #.......# #.#
#.......# #.# ###+##### #.#
#....#####.###########
#...ooY..#.##........#
#....###.#.##.######.# #.!.
#.#.........#.# #..
#.####.#....#.# #.
#.#..#.#.####.# ######
#.#..#.#......# ###....##
#.#..#.#########
##.......###'#..#.# #......
#)........#.......###.#####


You could see an orc priest and an orc.

Vanquished Creatures
  An orc priest (D:3)
  An adder (D:2)
  5 worms
  2 giant geckos
  An orc (D:3)
  2 giant cockroaches
  2 goblins (D:1)
  10 hobgoblins
  4 kobolds
  2 ball pythons (D:2)
  5 bats
  2 giant newts
  3 rats
40 creatures vanquished.

Notes
Turn   | Place    | Note
--------------------------------------------------------------
     0 | D:1      | Ordine the Octopode Transmuter began the quest for the Orb.
     0 | D:1      | Reached XP level 1. HP: 13/13 MP: 3/3
    75 | D:1      | Reached skill level 1 in Stealth
    85 | D:1      | Reached XP level 2. HP: 10/18 MP: 5/5
   452 | D:1      | You fall through a shaft!
  1285 | D:2      | Reached XP level 3. HP: 12/23 MP: 6/6
  1458 | D:2      | Learned a level 3 spell: Spider Form
  1955 | D:2      | Found a glowing silver altar of Zin.
  2242 | D:3      | Noticed a moth of wrath
  2245 | D:3      | Found a bloodstained altar of Trog.
  2254 | D:3      | Reached XP level 4. HP: 6/28 MP: 3/7
  2851 | D:3      | Reached XP level 5. HP: 15/33 MP: 5/8
  3013 | D:3      | Learned a level 4 spell: Ice Form
  3040 | D:3      | Killed from afar by an orc priest

Vault maps used:
D:1:      minmay_arrival_cross
D:2:      lemuel_crystal_altar
D:3:      lemuel_coloured_pillars_altar, tgw_trog

Skill      XL: |  1  2  3 |
---------------+----------+-----
Stealth        | 1 2 9 |  9.0
Transmutations | 9 |  9.3
Fighting       | |  1.0
Dodging        | |  2.0
Unarmed Combat | |  3.0
Spellcasting   | |  2.0
Ice Magic      | |  0.4

Action                   |  1- 3 |  4- 6 || total
-------------------------+-------+-------++-------
Melee: Unarmed           |    82 |    34 ||   116
       Tentacles         |    11 |       ||    11
       Constrict         |    19 |     1 ||    20
       Punch             |     2 |       ||     2
 Cast: Spider Form       |       |     2 ||     2
       Ice Form          |       |     1 ||     1
  Use: Scroll            |     3 |       ||     3
       Potion            |     1 |       ||     1
 Stab: Sleeping          |     7 |       ||     7
  Eat: Chunk             |     4 |     1 ||     5
       Beef jerky        |       |     1 ||     1
Armor: Skin              |     3 |     4 ||     7
Dodge: Dodged            |    42 |    10 ||    52
